 Dungeon Crawl Stone Soup version 0.30-b1-2-g02819fbbbe (webtiles) character file.

Game seed: 14774412520806783136

8 Alarkh the Vexing (level 2, 21/21 HPs)
             Began as a Demonspawn Hexslinger on July 11, 2023.
             Got out of the dungeon alive.
             The game lasted 00:00:16 (126 turns).

Alarkh the Vexing (Demonspawn Hexslinger)            Turns: 126, Time: 00:00:16

Health: 21/21      AC:  2    Str: 10    XL:     2   Next: 0%
Magic:  3/3        EV: 12    Int: 14    God:
Gold:   15         SH:  0    Dex: 13    Spells: 2/3 levels left

rFire   . . .        a - +1 sling
rCold   . . .        (no shield)
rNeg    . . .        c - +0 robe
rPois   .            (no helmet)
rElec   .            (no cloak)
rCorr   .            (no gloves)
SInv    .            (no boots)
Will    .....        (no amulet)
Stlth   +            (no ring)
HPRegen 0.23/turn    (no ring)
MPRegen 0.08/turn

%: no passive effects
@: no status effects
A: claws 1
a: no special abilities


You escaped.
You visited 1 branch of the dungeon, and saw 1 of its levels.

You collected 15 gold pieces.

Inventory:

Hand Weapons
 a - a +1 sling (weapon)
Armour
 c - a +0 robe (worn)
Scrolls
 b - a scroll of poison
Potions
 d - 2 potions of curing {unknown}


   Skills:
 + Level 1.3 Fighting
 * Level 2.3 Ranged Weapons
 - Level 1.7 Dodging
 - Level 1.0 Spellcasting
 - Level 3.0 Hexes


You had 2 spell levels left.
You knew the following spells:

 Your Spells              Type           Power      Damage    Failure   Level
a - Slow                  Hex            36%        N/A       8%          1

Your spell library contained the following spells:

 Spells                   Type           Power      Damage    Failure   Level
 Inner Flame              Hex/Fire       4%         N/A       38%         3
 Portal Projectile        Hex/Tloc       8%         N/A       38%         3
 Cause Fear               Hex            4%         N/A       58%         4


Dungeon Overview and Level Annotations

Branches:
Dungeon (1/15)

Altars:


Innate Abilities, Weirdness & Mutations

You have sharp fingernails.


Message History

The kobold hits you with a +0 short sword.
You shoot a sling bullet.
The sling bullet closely misses the kobold.
The endoplasm quivers.
The kobold barely misses you.
You shoot a sling bullet.
The sling bullet closely misses the kobold.
The kobold hits you with a +0 short sword.
You are too injured to fight recklessly!
You are too injured to fight recklessly!
You aren't carrying any potions.
You shoot a sling bullet. The sling bullet hits the kobold.
You kill the kobold!
Fire: a) +1 sling
Press: ? - help, Q - select action, (/) - cycle Shift-Dir - straight line, f - endoplasm
Aim: an endoplasm (85% to hit)
You shoot a sling bullet. The sling bullet hits the endoplasm!
You kill the endoplasm!
HP restored.
d - 2 viscous white potions You now have 15 gold pieces.
Found 5 stones.
Found a leather armour.
A hobgoblin comes into view.
Found 7 gold pieces.
You shoot a sling bullet. The sling bullet hits the hobgoblin.
The hobgoblin shouts!
The hobgoblin is moderately wounded.
You shoot a sling bullet. The sling bullet hits the hobgoblin.
You kill the hobgoblin!
You have reached level 2!
You feel monstrous as your demonic heritage exerts itself.
Your demonic ancestry asserts itself...
Your fingernails lengthen.
Unknown command.
You see here a +0 dagger.
There is an open gate here.
There is a staircase leading out of the dungeon here.
Are you sure you want to leave the Dungeon?
This will make you lose the game!
You have escaped!

♣...# ♣...# ♣...#
##### ♣♣...## ##....
♣.....## ##.....
♣♣......## #......
♣.8..8..8####......
♣♣........'..)......
♣..@......'.#.......
♣♣........'.##......
♣.8..8..8####......
♣.......## #.>....
♣......## #......
♣♣....## #......
♣....# #..†...
♣♣...# ##.....
###....


There were no monsters in sight!

Vanquished Creatures
  2 endoplasms (D:1)
  A goblin (D:1)
  2 hobgoblins (D:1)
  A bat (D:1)
  A kobold (D:1)
7 creatures vanquished.

Notes
Turn   | Place    | Note
-------+----------+-------------------------------------------
     0 | D:1      | Alarkh the Demonspawn Hexslinger began the quest for the
                  | Orb.
     0 | D:1      | Reached XP level 1. HP: 15/15 MP: 2/2
   100 | D:1      | Discovered your monstrous ancestry.
   100 | D:1      | Gained mutation: You have sharp fingernails. [demonic
                  | ancestry]
   100 | D:1      | Reached XP level 2. HP: 21/21 MP: 3/3
   126 | D:$      | Got out of the dungeon alive.

Illustrated notes

Levels and vault maps discovered:
D:1:      kennysheep_arrival_forest, layout_rooms,
          hellmonk_ecumenical_altar_pennies_from_heaven, serial_shops,
          nicolae_diamond_shop

Skill      XL: |  1 |
---------------+----+-----
Ranged Weapons | 2 |  2.3
Fighting       | |  1.3
Dodging        | |  1.7
Spellcasting   | |  1.0
Hexes          | |  3.0

Action                     || total
---------------------------++-------
   Fire: Sling             ||    26
 Armour: Robe              ||     3
  Dodge: Dodged            ||     9
